 Dungeon Crawl Stone Soup version 0.26-a0-49-g0e6732e0a6 (webtiles) character file.

Game seed: 4290215202375830969

9951 Baz the Cleaver (level 11, -9/100 HPs)
             Began as a Deep Dwarf Wanderer on June 4, 2020.
             Was a Priest of Makhleb.
             Mangled by a two-headed ogre
             ... wielding a +0 giant club
              (14 damage)
             ... on level 10 of the Dungeon.
             The game lasted 00:29:03 (10616 turns).

Baz the Cleaver (Deep Dwarf Wanderer)              Turns: 10616, Time: 00:29:03

Health: -9/100     AC: 11    Str: 20    XL:     11   Next: 29%
Magic:  10/10      EV: 11    Int: 12    God:    Makhleb [***...]
Gold:   474        SH:  0    Dex: 12    Spells: 10/10 levels left

rFire    . . .     SeeInvis .   D - +1 battleaxe (elec)
rCold    . . .     Gourm    .   (shield currently unavailable)
rNeg     + . .     Faith    .   l - +0 scale mail
rPois    .         Spirit   .   g - +0 helmet
rElec    .         Reflect  .   (no cloak)
rCorr    +         Harm     .   G - +0 pair of gloves
MR       +....                  (no boots)
Stlth    ..........             (no amulet)
HPRegen  0.00/turn              h - ring of resist corrosion
MPRegen  0.12/turn              q - ring of positive energy

@: non-regenerating
A: damage resistance, heal wounds, sense surroundings 2, no regeneration
a: Heal Wounds, Minor Destruction, Lesser Servant of Makhleb, Renounce Religion


You were on level 10 of the Dungeon.
You worshipped Makhleb.
Makhleb was most pleased with you.
You were not hungry.

You visited 2 branches of the dungeon, and saw 11 of its levels.
You also visited: Ossuary.

You collected 474 gold pieces.

Inventory:

Hand Weapons
 t - a +0 hand axe
 z - a +0 war axe
 D - a +1 battleaxe of electrocution (weapon)
 F - the +0 hunting sling "Kiyschoc" {speed, Str+3 Int+4 Dex+2}
   (You found it on level 7 of the Dungeon)

   Attacks with this weapon are significantly faster.
   It affects your strength (+3).
   It affects your intelligence (+4).
   It affects your dexterity (+2).
Missiles
 e - 106 bolts
 r - 57 poisoned darts (quivered)
Armour
 g - a +0 helmet (worn)
 l - a +0 scale mail (worn)
 x - a +0 buckler
 G - a +0 pair of gloves (worn)
Jewellery
 h - a ring of resist corrosion (left hand)
 j - an uncursed ring of stealth {unknown}
 q - a ring of positive energy (right hand)
 R - an uncursed amulet of the acrobat
Wands
 n - a wand of random effects (11)
 y - a wand of digging (10)
Scrolls
 a - 2 scrolls of fear
 d - 2 scrolls of fog
 k - 5 scrolls of immolation
 m - 9 scrolls of teleportation
 o - 2 scrolls of enchant weapon {unknown}
 s - 6 scrolls of remove curse
 C - 2 scrolls of amnesia {unknown}
 E - a scroll of random uselessness {unknown}
 H - a scroll of enchant armour {unknown}
 J - 2 scrolls of blinking
 L - a scroll of acquirement {unknown}
 O - a scroll of summoning {unknown}
 P - 2 scrolls of identify
Potions
 c - 6 potions of curing
 i - 4 potions of brilliance
 p - a potion of magic
 u - 3 potions of resistance
 v - a potion of haste
 w - 3 potions of might
 A - 2 potions of degeneration {unknown}
 B - a potion of experience {unknown}
 I - a potion of cancellation {unknown}
 K - a potion of stabbing {unknown}
 N - a potion of lignification {unknown}
 Q - a potion of mutation {unknown}
Miscellaneous
 b - a box of beasts
Comestibles
 f - 24 rations
 M - a chunk of flesh


   Skills:
 + Level 7.1 Fighting
 * Level 10.7(10.8) Axes
   Level 1.7(5.9) Polearms
   Level 1.1 Crossbows
 + Level 10.2 Armour
 + Level 3.1 Dodging
 - Level 1.7 Stealth
 - Level 4.0 Shields
 - Level 10.0 Evocations


You had 10 spell levels left.
You didn't know any spells.
Your spell library contained the following spells:

 Spells                   Type           Power        Failure   Level  Hunger
 Corona                   Hex            #......      61%         1    ##.....
 Foxfire                  Conj/Fire      #...         61%         1    ##.....
 Summon Butterflies       Summ           #.......     61%         1    ##.....
 Slow                     Hex            #.......     75%         2    ###....
 Call Canine Familiar     Summ           #.......     93%         3    ####...
 Conjure Flame            Conj/Fire      #.......     93%         3    ####...
 Inner Flame              Hex/Fire       #.......     93%         3    ####...
 Portal Projectile        Hex/Tloc       #.....       93%         3    ####...
 Cause Fear               Hex            #.........   100%        4    #####..
 Leda's Liquefaction      Hex/Erth       #.........   100%        4    #####..
 Sticky Flame             Conj/Fire      #.......     100%        4    #####..
 Summon Ice Beast         Ice/Summ       #.......     100%        4    #####..
 Fireball                 Conj/Fire      #.........   100%        5    ######.
 Summon Mana Viper        Hex/Summ       #.......     100%        5    ######.
 Summon Hydra             Summ           #.........   100%        7    #######


Dungeon Overview and Level Annotations

Branches:
Dungeon (10/15)            Temple (1/1) D:7            Lair (0/6) D:8
Ossuary (visited)
    Orc: D:9-12

Altars:
Ashenzari
Cheibriados
Dithmenos
Elyvilon
Fedhas
Gozag
Hepliaklqana
Kikubaaqudgha
Makhleb
Nemelex Xobeh
Okawaru
Qazlal
Ru
Sif Muna
Trog
Uskayaw
Vehumet
Wu Jian
Xom
Yredelemnul
Zin
The Shining One

Annotations:
D:3 1 runed translucent door, Crazy Yiuf
D:4 Pikel


Innate Abilities, Weirdness & Mutations

You are resistant to damage.
You can heal yourself by infusing magical energy.
You passively map the area around you.
You do not regenerate.


Message History

The two-headed ogre barely misses you.
You hit the two-headed ogre but do no damage.
The two-headed ogre is heavily wounded.
The two-headed ogre closely misses you.
The two-headed ogre hits you with a +0 giant club.
You barely miss the two-headed ogre.
The two-headed ogre is heavily wounded.
The two-headed ogre hits you with a +0 giant club!!
* * * LOW HITPOINT WARNING * * *
The two-headed ogre hits you with a +0 giant club!
* * * LOW HITPOINT WARNING * * *
You slice the two-headed ogre!!
The two-headed ogre is almost dead.
The two-headed ogre closely misses you.
The two-headed ogre hits you with a +0 giant club!
* * * LOW HITPOINT WARNING * * *
You hit the two-headed ogre.
The two-headed ogre is almost dead.
The two-headed ogre hits you with a +0 giant club!
You die...

,. #.. ..... <.........### *
, ..#..##.#.# # ###......# ,
..........#.#.# #......#
............#.# ###'####
............... #.# * , #.O#
* #.# * #.# , #..# #.#
#.######
,*##.#####..#####.###
#.......
#.........O@......###.######
* *#..#####..###.........# *
#..# #.#.#####.# *,* , #..#
#.#.# #.# * * * *#..#*#.#.#
#.# ,.... ....# #.# ,,,
*.#..###.#.#* #.# ,, .....
..... #.#* ,* *,* ,, , ,
..... .# , ,


You could see a two-headed ogre.

Vanquished Creatures
  2 two-headed ogres
  A death yak (D:7)
  Joseph (D:9)
  A komodo dragon (D:8)
  A troll (D:9)
  A spriggan (D:7)
  3 hippogriffs
  Eustachio (D:6)
  8 yaks
  A hungry ghost (D:9)
  A water moccasin (D:6)
  4 ice beasts
  3 sky beasts
  2 orc warriors
  2 ogres
  3 phantoms
  4 centaurs
  A crocodile (D:9)
  Blork the orc (D:5)
  An elf zombie (Ossuary)
  4 bullfrogs
  A water moccasin skeleton (D:8)
  7 scorpions
  12 killer bees (D:7)
  A vampire bat (D:9)
  3 howler monkeys
  6 crimson imps
  A quasit (D:7)
  2 centaur zombies
  4 hounds
  12 orc wizards
  7 orc priests
  3 iguanas
  A jelly (D:10)
  Jessica (D:2)
  A bullfrog skeleton (D:9)
  Natasha (D:1)
  4 worker ants
  2 big kobold zombies (Ossuary)
  2 hound skeletons
  2 mummies (Ossuary)
  10 gnolls
  12 adders
  6 shadow imps
  A worm (D:2)
  4 dart slugs
  5 leopard geckos
  56 orcs
  2 ball pythons
  5 bat zombies (D:9)
  5 giant cockroaches
  6 goblins
  11 hobgoblins
  22 jackals
  6 kobolds
  A quokka (D:4)
  6 bats
  4 frilled lizards
  A giant cockroach zombie (D:5)
  5 goblin zombies
  6 hobgoblin zombies (Ossuary)
  2 jackal skeletons
  A jackal zombie (Ossuary)
  16 kobold zombies (Ossuary)
  4 orc zombies (Ossuary)
  A quokka zombie (D:6)
  5 rats
  A rat zombie (Ossuary)
323 creatures vanquished.

Vanquished Creatures (collateral kills)
  A scorpion (D:5)
  A killer bee (D:7)
  2 jackals (D:5)
4 creatures vanquished.

Vanquished Creatures (others)
  A hippogriff (D:7)
  An ogre (D:5)
  A killer bee (D:7)
  A jackal (D:5)
4 creatures vanquished.

Grand Total: 331 creatures vanquished

Notes
Turn   | Place    | Note
-------+----------+-------------------------------------------
     0 | D:1      | Baz the Deep Dwarf Wanderer began the quest for the Orb.
     0 | D:1      | Baz set off with the following items: a +0 falchion, a box
                  | of beasts, a potion of curing, a +0 robe, a ration
     0 | D:1      | Reached XP level 1. HP: 19/19 MP: 2/2
   309 | D:1      | Reached XP level 2. HP: 26/26 MP: 4/4
   786 | D:1      | Reached XP level 3. HP: 13/32 MP: 5/5
  1170 | D:2      | Noticed Natasha
  1187 | D:1      | Killed Natasha
  1405 | D:2      | Reached XP level 4. HP: 38/40 MP: 6/6
  1673 | D:2      | Noticed Jessica
  1686 | D:2      | Killed Jessica
  2281 | D:3      | Reached XP level 5. HP: 26/46 MP: 8/8
  2299 | D:3      | Found a shattered altar of Ashenzari.
  2669 | D:3      | Found a runed translucent door.
  2670 | D:3      | Noticed Crazy Yiuf
  2712 | D:3      | Noticed an ogre
  3005 | D:3      | Killed an ogre
  3005 | D:3      | Reached skill level 1 in Axes
  3005 | D:3      | Reached XP level 6. HP: 29/56 MP: 9/9
  3911 | D:4      | Reached skill level 5 in Evocations
  4362 | D:4      | Noticed a slave
  4365 | D:4      | Noticed a slave
  4366 | D:4      | Noticed a slave
  4383 | D:4      | Noticed Pikel
  4384 | D:4      | Noticed a slave
  4405 | D:5      | Entered Level 5 of the Dungeon
  4422 | D:5      | Reached XP level 7. HP: 16/62 MP: 10/10
  4598 | D:5      | Reached skill level 1 in Shields
  4738 | D:5      | Reached skill level 5 in Armour
  4868 | D:5      | Noticed Blork the orc
  4904 | D:5      | Killed Blork the orc
  4984 | D:5      | Found a hazy altar of Hepliaklqana.
  5508 | D:6      | Reached XP level 8. HP: 39/72 MP: 9/9
  5616 | D:6      | Found a sand-covered staircase.
  5643 | Ossuary  | Entered an ossuary
  5893 | Ossuary  | Reached skill level 5 in Axes
  6221 | D:6      | Found a sparkling altar of Nemelex Xobeh.
  6419 | D:6      | Noticed Eustachio
  6547 | D:6      | Gained mutation: You passively map the area around you.
                  | [Deep Dwarf growth]
  6547 | D:6      | Reached XP level 9. HP: 43/79 MP: 9/9
  6755 | D:6      | Killed Eustachio
  7067 | D:7      | Found a staircase to the Ecumenical Temple.
  7086 | Temple   | Entered the Ecumenical Temple
  7093 | Temple   | Became a worshipper of Makhleb the Destroyer
  7533 | D:7      | Reached skill level 5 in Fighting
  7575 | D:7      | Got a polished hunting sling
  7595 | D:7      | Identified the +0 hunting sling "Kiyschoc" {speed, Str+3
                  | Int+4 Dex+2} (You found it on level 7 of the Dungeon)
  8346 | D:7      | Reached * piety under Makhleb
  8808 | D:8      | Noticed a two-headed ogre
  8888 | D:8      | Reached XP level 10. HP: 49/90 MP: 10/10
  9102 | D:8      | Found a staircase to the Lair.
  9386 | D:8      | Noticed a death yak
  9388 | D:8      | Noticed a death yak
  9388 | D:8      | Noticed a death yak
  9388 | D:8      | Noticed a death yak
  9407 | D:7      | Killed a death yak
  9472 | D:8      | Killed a two-headed ogre
  9574 | D:9      | Reached ** piety under Makhleb
  9582 | D:9      | Noticed a two-headed ogre
  9708 | D:9      | HP: 2/92 [two-headed ogre/+0 giant spiked club (20)]
  9712 | D:9      | Killed a two-headed ogre
  9712 | D:9      | Reached skill level 10 in Axes
  9743 | D:9      | Noticed Joseph
  9766 | D:8      | Reached XP level 11. HP: 46/99 MP: 11/11
  9791 | D:9      | Killed Joseph
  9791 | D:9      | Reached skill level 10 in Armour
  9927 | D:9      | Paralysed by fainting for 6 turns
 10242 | D:9      | Reached skill level 10 in Evocations
 10257 | D:9      | Found an ancient bone altar of Kikubaaqudgha.
 10377 | D:10     | Entered Level 10 of the Dungeon
 10381 | D:10     | Reached *** piety under Makhleb
 10599 | D:10     | Noticed a two-headed ogre
 10615 | D:10     | HP: 5/100 [two-headed ogre/+0 giant club (11)]
 10616 | D:10     | Mangled by a two-headed ogre

Illustrated notes

Levels and vault maps discovered:
D:1:      ncdulo_lavacross, layout_basic, minmay_hexomino_p4
D:2:      layout_rooms, uniq_jessica, uniq_natasha
D:3:      layout_loops_ring, nicolae_overflow_hidden_temple,
          uniq_crazy_yiuf_cottage
D:4:      layout_basic, uniq_pikel, uniq_menkaure
D:5:      layout_cave_pools, overflow_temple_1_default, first_ration,
          uniq_blork_the_orc
D:6:      layout_gridville, lemuel_coloured_pillars_altar, enter_ossuary_4,
          chequers_decorated_corner, st_stairs_5, uniq_eustachio
D:7:      layout_basic, temple_pool_b, the_bakery, minmay_fountain_box,
          kennysheep_generic_room_3
D:8:      layout_rooms, dpeg_lair_monsters, gammafunk_ghost_wrathful_warriors
D:9:      layout_rooms, kennysheep_vampire_church, uniq_joseph
D:10:     layout_basic
Temple:   nicolae_temple_no_exploring_needed

Skill      XL: |  1  2  3  4  5  6  7  8  9 10 11 |
---------------+----------------------------------+-----
Evocations     | 3 4 5 6 8 9 10 | 10.0
Fighting       | 2 3 4 5 6 7 |  7.1
Armour         | 2 3 4 5 7 9 10 | 10.2
Dodging        | 2 3 |  3.1
Axes           | 1 2 4 6 8 10 | 10.7
Shields        | 2 3 4 |  4.0
Polearms       | |  1.7
Crossbows      | |  1.1
Stealth        | |  1.7

Action                   |  1- 3 |  4- 6 |  7- 9 | 10-12 || total
-------------------------+-------+-------+-------+-------++-------
Melee: Falchion          |    86 |   148 |       |       ||   234
       Hand axe          |       |   174 |   222 |       ||   396
       War axe           |       |    12 |    98 |       ||   110
       Battleaxe         |       |       |   242 |   265 ||   507
Throw: Dart              |       |    11 |       |       ||    11
Invok: Minor Destruction |       |       |       |     1 ||     1
 Abil: Heal Wounds       |     1 |     6 |    26 |    12 ||    45
Evoke: Wand              |       |       |    12 |     6 ||    18
  Use: Scroll            |       |       |    11 |     3 ||    14
       Potion            |       |       |     1 |       ||     1
 Stab: Sleeping          |     2 |       |       |       ||     2
       Confused          |       |       |     4 |       ||     4
  Eat: Chunk             |       |    12 |    12 |    11 ||    35
       Ration            |       |       |     1 |       ||     1
Armor: Robe              |     7 |       |       |       ||     7
       Scale mail        |    35 |   137 |   267 |   149 ||   588
Dodge: Dodged            |    61 |   206 |   358 |   208 ||   833
Block: Buckler           |       |       |    46 |       ||    46
       Rpst.: Falchion   |    17 |    35 |       |       ||    52

Table legend:
 A = Non-vault XP
 B = Vault XP
 C = Vault XP percentage of total XP
 D = Non-vault monster count
 E = Vault monster count
 F = Vault count percentage of total count
                 A         B        C        D         E       F
            +---------+---------+-------+---------+---------+-------
      Total |   11820 |    2396 |  16.9 |     266 |      61 |  18.7
            +---------+---------+-------+---------+---------+-------
        D:1 |      39 |      42 |  51.9 |      19 |       5 |  20.8
        D:2 |      61 |      37 |  37.8 |      20 |       1 |   4.8
        D:3 |     379 |       0 |   0.0 |      42 |       0 |   0.0
        D:4 |     149 |       0 |   0.0 |      13 |       0 |   0.0
        D:5 |     495 |     100 |  16.8 |      20 |       1 |   4.8
        D:6 |    1430 |     330 |  18.8 |      38 |       5 |  11.6
        D:7 |    2094 |    1139 |  35.2 |      39 |       4 |   9.3
        D:8 |    2313 |       0 |   0.0 |      21 |       0 |   0.0
        D:9 |    3523 |     488 |  12.2 |      37 |       7 |  15.9
       D:10 |    1337 |       0 |   0.0 |      17 |       0 |   0.0
    Ossuary |       0 |     260 | 100.0 |       0 |      38 | 100.0
            +---------+---------+-------+---------+---------+-------
